 Dungeon Crawl Stone Soup version 0.31-a0-1278-g11c5b68f87 (webtiles) character file.

Game seed: 4334363963314135822

54 gelatine the Conjurer (level 3, -1/21 HPs)
             Began as an Octopode Conjurer on Dec 18, 2023.
             Slain by a hobgoblin (5 damage)
             ... on level 2 of the Dungeon.
             The game lasted 00:02:40 (2149 turns).

gelatine the Conjurer (Octopode Conjurer)           Turns: 2149, Time: 00:02:40

Health: -1/21      AC:  1    Str:  6    XL:     3   Next: 91%
Magic:  4/6        EV: 13    Int: 22    God:
Gold:   50         SH:  0    Dex: 10    Spells: 5/6 levels left

rFire   . . .        h - +3 short sword
rCold   . . .        (no shield)
rNeg    . . .        (helmet restricted)
rPois   .            (no amulet)
rElec   .            (no ring)
rCorr   .            (no ring)
SInv    .            (no ring)
Will    .....        (no ring)
Stlth   +++          (no ring)
HPRegen 0.23/turn    (no ring)
MPRegen 0.10/turn    (no ring)
                     (no ring)

%: no passive effects
@: no status effects
A: almost no armour, amphibious, 8 rings, camouflage 1, gelatinous body 1,
(nimble swimmer 1), tentacles
a: no special abilities


You were on level 2 of the Dungeon.
You visited 1 branch of the dungeon, and saw 2 of its levels.

You collected 50 gold pieces.

Inventory:

Hand Weapons
 h - a +3 short sword (weapon)
 j - a +0 rapier
Missiles
 g - 5 darts of dispersal
Magical Staves
 k - a staff of earth
Scrolls
 e - a scroll of identify {unknown}
 i - 2 scrolls of enchant armour {unknown}
 l - a scroll of teleportation {unknown}
Potions
 a - a potion of magic
 b - a potion of invisibility {unknown}
 c - a potion of mutation {unknown}
 d - a potion of haste {unknown}
 f - a potion of curing {unknown}


   Skills:
 + Level 0.1 Short Blades
 + Level 2.1 Dodging
 + Level 3.1 Stealth
 + Level 2.4 Spellcasting
 + Level 4.9 Conjurations


You had 5 spell levels left.
You knew the following spells:

 Your Spells              Type           Power      Damage    Failure   Level
a - Magic Dart            Conj           96%        1d7       1%          1

Your spell library contained the following spells:

 Spells                   Type           Power      Damage    Failure   Level
 Searing Ray              Conj           48%        2d6       2%          2
 Dazzling Flash           Conj/Hex       26%        N/A       14%         3
 Fulminant Prism          Conj/Hex       6%         3d7       43%         4
 Iskenderun's Mystic Bla  Conj/Tloc      13%        2d5       43%         4


Dungeon Overview and Level Annotations

Branches:
Dungeon (2/15)

Altars:


Innate Abilities, Weirdness & Mutations

You cannot wear most types of armour.
You are amphibious.
You can wear up to eight rings at the same time.
Your skin changes colour to match your surroundings (Stealth+).
Your rubbery body absorbs attacks. (AC +1, EV +1)
((You are camouflaged when in or above water. (Stealth+)))
You have tentacles for arms and can constrict up to eight enemies at once.


Message History

You hit the hobgoblin.
You kill the hobgoblin!
You hit the hobgoblin. Your grab misses the hobgoblin.
You squeeze the hobgoblin, but do no damage.
The hobgoblin is severely wounded.
Found a murky brown potion.
The goblin barely misses you. x2
The hobgoblin hits you.
There is an open door, spattered with blood here.
You see here a hobgoblin corpse.
You barely miss the hobgoblin. Your grab misses the hobgoblin.
Your squeeze misses the hobgoblin.
The hobgoblin is severely wounded.
The goblin closely misses you.
The hobgoblin hits you but does no damage.
The goblin hits you with a +0 club. The hobgoblin barely misses you.
You hit the hobgoblin but do no damage. Your grab misses the hobgoblin.
Your tentacle-slap misses the hobgoblin.
The hobgoblin is heavily wounded.
The goblin hits you with a +0 dagger. The hobgoblin closely misses you.
The goblin hits you with a +0 club.
* * * LOW HITPOINT WARNING * * *
The hobgoblin barely misses you.
The hobgoblin attacks as it pursues you!
The hobgoblin closely misses you. The hobgoblin closely misses you.
You hit the hobgoblin.
You kill the hobgoblin!
The goblin hits you with a +0 club.
* * * LOW HITPOINT WARNING * * *
You puncture the goblin!
You kill the goblin!
The hobgoblin misses you.
You barely miss the hobgoblin. You grab the hobgoblin.
You constrict the hobgoblin, but do no damage.
The hobgoblin hits you.
* * * LOW HITPOINT WARNING * * *
The goblin closely misses you.
You closely miss the goblin. Your grab misses the goblin.
You constrict the hobgoblin. The hobgoblin hits you.
You die...

... #........... [..
#........... .[.
#...........
##'###............
#...#.............
#...#.............
##†##.#######.....
#ggg#....####.....
#@#.#....'...[.###
#...#....####..###
#.................
#####.....##.####..###
#.........##.# #....#
#.........##+## #..#.#
#.............# ##.#..
#.............####.###
#..................#.#


You could see a hobgoblin and 2 goblins.

Vanquished Creatures
  2 dart slugs
  2 ball pythons (D:1)
  7 bats
  5 endoplasms
  3 giant cockroaches
  8 hobgoblins
  2 jackals (D:1)
  A quokka (D:1)
  3 frilled lizards (D:1)
  3 goblins
  3 kobolds
  8 rats
47 creatures vanquished.

Notes
Turn   | Place    | Note
-------+----------+-------------------------------------------
     0 | D:1      | gelatine the Octopode Conjurer began the quest for the Orb.
     0 | D:1      | Reached XP level 1. HP: 11/11 MP: 3/3
   337 | D:1      | Reached XP level 2. HP: 17/17 MP: 0/5
   935 | D:1      | Reached XP level 3. HP: 21/21 MP: 2/6
  2149 | D:2      | Slain by a hobgoblin

Illustrated notes

Levels and vault maps discovered:
D:1:      minmay_arrival_stone_box, layout_loops_corners,
          nicolae_figureground_sparkle
D:2:      layout_basic, minmay_goblin_kobold_house

Skill      XL: |  1  2  3 |
---------------+----------+-----
Stealth        | 3 |  3.1
Short Blades   | |  0.1
Dodging        | |  2.1
Spellcasting   | |  2.4
Conjurations   | |  4.9

Action                     || total
---------------------------++-------
  Melee: Unarmed           ||    10
         Tentacles         ||     5
         Short sword       ||    15
         Constrict         ||     4
         Punch             ||     1
   Cast: Magic Dart        ||    82
 Armour: Skin              ||    16
  Dodge: Dodged            ||    28

Table legend: (Time is in decaauts)
 A = Elapsed time spent in this place.
 B = Non-inter-level travel time spent in this place.
 C = Inter-level travel time spent in this place.
 D = Time resting spent in this place.
 E = Time spent auto-exploring this place.
 F = Levels seen in this place.
 G = Mean time per level.
                   A        B        C        D        E       F      G
               +--------+--------+--------+--------+--------+-----+--------+
         Total |   2148 |   2060 |     88 |      0 |   1814 |   2 | 1074.0 |
       Dungeon |   2148 |   2060 |     88 |      0 |   1814 |   2 | 1074.0 |
               +--------+--------+--------+--------+--------+-----+--------+

Top non-repeatable levels by time:
     D:1: 1415 daAuts
     D:2: 733 daAuts
